 Dungeon Crawl Stone Soup version 0.32-a0-932-g546787307d (webtiles) character file.

Game seed: 8597446444670282634

450 Decritt the Trooper (level 7, -3/44 HPs)
             Began as a Gargoyle Fighter on Apr 13, 2024.
             Incinerated by a bombardier beetle (5 damage)
             ... with a burning spray
             ... on level 4 of the Dungeon.
             The game lasted 00:05:19 (2772 turns).

Decritt the Trooper (Gargoyle Fighter)              Turns: 2772, Time: 00:05:20

Health: -3/44      AC: 11    Str: 21    XL:     7   Next: 4%
Magic:  7/7        EV:  8    Int:  9    God:
Gold:   128        SH:  0    Dex:  9    Spells: 6/6 levels left

rFire   . . .        a - +1 flail
rCold   . . .        c - +1 buckler
rNeg    + . .        b - +0 scale mail
rPois   ∞            m - +0 helmet
rElec   +            k - +1 cloak
rCorr   .            (no gloves)
SInv    .            (no boots)
Will    .....        (no amulet) Stlth
                     (no ring)
HPRegen 0.27/turn    (no ring)
MPRegen 0.10/turn

%: no passive effects
@: confused, on fire, ambrosia-drunk, corroded, glowing
A: sickness immunity, AC +4, negative energy resistance 1, electricity
resistance, torment resistance 1, petrification resistance
a: no special abilities


You were on level 4 of the Dungeon.
You visited 1 branch of the dungeon, and saw 4 of its levels.

You collected 128 gold pieces.

Inventory:

Hand Weapons
 a - a +1 flail (weapon)
Armour
 b - a +0 scale mail (worn)
 c - a +1 buckler (worn)
 k - a +1 cloak (worn)
 m - a +0 helmet (worn)
Wands
 q - a wand of quicksilver (7)
Scrolls
 f - a scroll of noise
 i - a scroll of blinking
 j - a scroll of vulnerability
Potions
 d - a potion of might
 e - a potion of cancellation {unknown}
 g - a potion of lignification {unknown}
 h - a potion of brilliance {unknown}
 n - a potion of mutation {unknown}


   Skills:
 * Level 5.6 Fighting
 * Level 4.4 Maces & Flails
 + Level 4.4 Armour
 + Level 4.5 Shields


You had 6 spell levels left.
You didn't know any spells.
Your spell library was empty.

Dungeon Overview and Level Annotations

Branches:
Dungeon (4/15)
 Temple: D:4-7

Altars:
Hepliaklqana


Innate Abilities, Weirdness & Mutations

You are immune to sickness and miasma.
Your stone body is resilient. (AC +4)
You are immune to poison.
You resist negative energy. (rN+)
You are resistant to electric shocks. (rElec)
You are resistant to unholy torment.
You are immune to petrification.


Message History

The kobold hits you with a +0 whip.
* * * LOW HITPOINT WARNING * * *
The bombardier beetle barely misses you.
You hit the bombardier beetle.
The bombardier beetle is moderately wounded.
The kobold hits you but does no damage. The kobold hits you with a +0 whip.
* * * LOW HITPOINT WARNING * * *
The bombardier beetle bites you but does no damage.
You hit the bombardier beetle but do no damage.
The bombardier beetle is moderately wounded.
The kobold hits you but does no damage.
Unknown command.
You sock the bombardier beetle!
The bombardier beetle is almost dead.
The bombardier beetle sprays incendiary fluid at you.
The burning spray hits you.
You are covered in liquid fire!
The kobold hits you but does no damage.
You hit the bombardier beetle but do no damage.
The bombardier beetle is almost dead.
The liquid fire burns you!
* * * LOW HITPOINT WARNING * * *
The kobold hits you but does no damage.
The bombardier beetle bites you but does no damage.
You barely miss the bombardier beetle.
The bombardier beetle is almost dead.
The liquid fire burns you!
* * * LOW HITPOINT WARNING * * *
The kobold hits you but does no damage. You block the kobold's attack.
The bombardier beetle closely misses you.
You hit the bombardier beetle but do no damage.
The bombardier beetle is almost dead.
You hear the rapid rusting of a very distant drain.
The liquid fire burns you!
* * * LOW HITPOINT WARNING * * *
You block the kobold's attack.
You are confused.
You feel invigorated. The liquid fire burns you!
You die...

####........ #.##..###
#.###.... ####+###.##. ##+#
#......).... ##..##
#....)..#### #+ ##....#
#.......#### ##.. ###'B)K.#
#.##........
#.J..##..##@.####.##........
#....'....#####...##.....#..
##.(##....##....#.##......#.
# ##..###.####......#...#
##'##..# ###.....#..#
#....## #..#...### ####..#
#...#..# . ##.# ##.).###..
... #..#...#.


You could see a bombardier beetle and a kobold.

Vanquished Creatures
  Grinder (D:3)
  An orc priest (D:4)
  A bombardier beetle (D:3)
  A jelly (D:4)
  A sleepcap (D:4)
  4 adders
  3 dart slugs
  A ribbon worm (D:3)
  5 orcs
  8 ball pythons
  7 endoplasms
  4 giant cockroaches
  8 goblins
  4 hobgoblins
  10 jackals
  2 quokkas
  8 bats
  3 frilled lizards
  6 kobolds
  10 rats
88 creatures vanquished.

Notes
Turn   | Place    | Note
-------+----------+-------------------------------------------
     0 | D:1      | Decritt the Gargoyle Fighter began the quest for the Orb.
     0 | D:1      | Reached XP level 1. HP: 14/14 MP: 1/1
    53 | D:1      | Reached XP level 2. HP: 14/19 MP: 2/2
   657 | D:1      | Reached XP level 3. HP: 18/24 MP: 3/3
   871 | D:2      | Reached skill level 4 in Fighting
   966 | D:2      | Reached XP level 4. HP: 24/29 MP: 4/4
  1347 | D:2      | Found a hazy altar of Hepliaklqana.
  1889 | D:3      | Noticed Grinder
  1894 | D:3      | Paralysed by Grinder for 3 turns
  1904 | D:3      | Paralysed by Grinder for 4 turns
  1917 | D:3      | Killed Grinder
  1918 | D:3      | Reached skill level 5 in Fighting
  1918 | D:3      | Reached XP level 5. HP: 22/35 MP: 5/5
  1918 | D:3      | Reached XP level 6. HP: 25/40 MP: 6/6
  2763 | D:4      | Reached XP level 7. HP: 16/44 MP: 7/7
  2771 | D:4      | HP: 2/44 [burnt (3)]
  2772 | D:4      | Incinerated by a bombardier beetle

Illustrated notes

Levels and vault maps discovered:
D:1:      dpeg_arrival_lava_temple_mockup, layout_basic, serial_bayou_pond_d,
          minmay_pentomino_r4
D:2:      layout_basic, basic_altar, minmay_tripent
D:3:      layout_basic, uniq_grinder
D:4:      minmay_bubble_buster, layout_basic, gup_sewer_entry_glass,
          serial_shops, nicolae_shop_pleasant_corner_grove,
          amcnicky_mini_rare_corridor_liquid, minmay_hedge_maze,
          minmay_splitting_lines, st_stairs_9

Skill      XL: |  1  2  3  4 |
---------------+-------------+-----
Fighting       | 4 5 |  5.6
Maces & Flails | 4 |  4.4
Armour         | 4 |  4.4
Shields        | 4 |  4.5

Action                     |  1- 3 |  4- 6 |  7- 9 || total
---------------------------+-------+-------+-------++-------
  Melee: Flail             |   146 |   168 |     9 ||   323
    Use: Scroll            |       |     9 |       ||     9
         Potion            |       |       |     1 ||     1
 Armour: Scale mail        |   155 |   163 |    11 ||   329
  Dodge: Dodged            |   103 |    98 |     3 ||   204
  Block: Buckler           |    45 |    64 |     2 ||   111

Table legend: (Time is in decaauts)
 A = Elapsed time spent in this place.
 B = Non-inter-level travel time spent in this place.
 C = Inter-level travel time spent in this place.
 D = Time resting spent in this place.
 E = Time spent auto-exploring this place.
 F = Levels seen in this place.
 G = Mean time per level.
                   A        B        C        D        E       F      G
               +--------+--------+--------+--------+--------+-----+--------+
         Total |   2861 |   2783 |     78 |    250 |   1762 |   4 |  715.2 |
       Dungeon |   2861 |   2783 |     78 |    250 |   1762 |   4 |  715.2 |
               +--------+--------+--------+--------+--------+-----+--------+

Top non-repeatable levels by time:
     D:2: 928 daAuts
     D:1: 877 daAuts
     D:3: 676 daAuts
     D:4: 379 daAuts
